Gruntles, chaotic male orcish Barbarian -- ---.-- -s@..| ......-- ..........- -.....(........ ................. ..................... ................*........ ....h... ---...|.|...---..... -...... - -------... -..... ---. .... ...... | .... ...... ----- ...---- .... ... .|.. ---. -- Gruntles the Bandit Experience level: 8 Strength: 18/01 Dexterity: 16 Constitution: 18 Intelligence: 7 Wisdom: 7 Charisma: 8 Health: 0(92) Energy: 16(16) AC: 2 Gold: 1217 Moves: 2745 Your Inventory: Coins $ - 1217 gold pieces Weapons b - an uncursed +0 orcish short sword (alternate weapon; not wielded) F - an [uncursed +0] elven spear of reflection I - an [uncursed +0] elven broadsword (weapon in hand) L - an [uncursed +0] elven broadsword Armor p - an [uncursed] +0 pair of iron shoes (being worn) r - an [uncursed] +0 elven mithril-coat (being worn) G - an [uncursed] rotted +0 elven leather helm (being worn) H - an [uncursed] +0 elven cloak (being worn) M - an [uncursed +0] pair of combat boots [elven] Comestibles d - an uncursed food ration Scrolls i - an uncursed scroll of light x - a cursed scroll of enchant armor Potions k - an uncursed potion of sleeping m - an uncursed potion of restore ability n - an uncursed potion of paralysis u - an uncursed potion of oil y - a cursed clear potion [of unholy water] z - a cursed potion of booze A - a cursed pink potion [of fruit juice] C - 2 uncursed potions of object detection Wands v - an uncursed wand of opening (0:4) E - an [uncursed] wand of magic missile (0:0) Tools e - an uncursed oil lamp (0:504) D - an uncursed [+0] unicorn horn J - an [uncursed +0] pick-axe K - an [uncursed] lock pick Spells known in the end: Name Level Category Fail Memory Your skills at the end: Fighting Skills bare handed combat [Basic / Master] Weapon Skills axe [Skilled / Expert] short sword [Basic / Expert] Spellcasting Skills Final Attributes: You were piously aligned. Hunger level was 911. Your alignment was 23 / 23. Monster difficulty range was 1 - 8. Level difficulty was 9. You were immune to poison. You were telepathic. You had infravision. You were stealthy. You could teleport. You were fast. Your luck was zero. You are dead. Vanquished creatures: a winter wolf cub a leprechaun a dwarf mummy 2 Green-elves a lizard 4 chickatrices a gray unicorn 3 Woodland-elves 4 fire ants a water nymph a mountain nymph a rock mole 3 gnome lords 3 gnomish wizards a little dog a floating eye 5 dwarves a kobold lord 6 monkeys 9 killer bees a hobbit 2 manes a large kobold a red mold 20 gnomes 5 gnome zombies 3 jackals 3 grid bugs a bat 4 newts 91 creatures vanquished. Voluntary challenges: You used a wielded weapon 110 times. You read items or engraved 4 times. You put on armor 8 times. You never genocided any monsters. You never polymorphed an object. You never changed form. You used no wishes. You never wrote Elbereth's name. You encountered 2 bones levels. You never used any Sokoban shortcuts. Dungeon overview: The Dungeons of Doom: levels 1 to 4 Level 1 a long staircase Level 2 a fountain Level 4 a fountain, a sink stairs to The Gnomish Mines The Gnomish Mines: levels 5 to 9 Level 5 stairs to The Dungeons of Doom Level 7 many shops, a temple, a magic chest, some fountains, a sink Level 9 <- You were here History has recorded: On T:1 you entered the Dungeons of Doom to retrieve the Amulet of Yendor! On T:167 you reached level 2 of The Dungeons of Doom. On T:366 you advanced to experience level 2. On T:472 you reached level 3 of The Dungeons of Doom. On T:754 you advanced to experience level 3. On T:768 you reached level 4 of The Dungeons of Doom. On T:781 you advanced to experience level 4. On T:953 you reached level 1 of The Gnomish Mines. On T:1020 you advanced to experience level 5. On T:1126 you advanced to experience level 6. On T:1244 you reached level 2 of The Gnomish Mines. On T:1513 you advanced to experience level 7. On T:1520 you reached level 3 of The Gnomish Mines. On T:1612 you advanced to experience level 8. On T:1958 you reached level 4 of The Gnomish Mines. On T:2740 you reached level 5 of The Gnomish Mines. Latest messages: You smite the large dog! You miss the large dog. The large dog bites! (2x) [HP-10=2] As you read the scroll, it disappears. Your surroundings suddenly seem different. The dwarf lord wields a dagger! [HP+1=3] The dwarf lord picks up a dwarvish cloak. The dwarf lord removes a dwarvish cloak and puts on a dwarvish cloak. The dwarf lord picks up a white gem. The dwarf lord picks up a pick-axe. The dwarf lord picks up 37 rocks. The dwarf lord picks up a blue gem. [HP+1=4] You see here a candle. The dwarf lord picks up a dwarvish spear. The dwarf lord picks up a green gem. The dwarf lord picks up a mace. The dwarf lord picks up a violet gem. [HP+1=5] You miss the giant spider. [HP+1=6] You miss the giant spider. The giant spider bites! You die... Final status: Goodbye Gruntles the Barbarian... You died in The Gnomish Mines on dungeon level 9 with 2844 points, and 1217 pieces of gold, after 2745 moves. You were level 8 with a maximum of 92 hit points when you died.